 Dungeon Crawl Stone Soup version 0.31-a0-256-g80acddb972 (webtiles) character file.

Game seed: 6314427380689101391

639 Essalna the Trooper (level 7, 0/60 HPs)
             Began as a Purple Draconian Shapeshifter on July 13, 2023.
             Was a Follower of Qazlal.
             Slain by an ufetubus (3 damage)
             ... on level 5 of the Dungeon.
             The game lasted 00:08:46 (4091 turns).

Essalna the Trooper (Purple Draconian Shapeshifter) Turns: 4091, Time: 00:08:47

Health: 0/60       AC:  6    Str: 18    XL:     7   Next: 26%
Magic:  7/7        EV: 13    Int:  8    God:    Qazlal [*.....]
Gold:   79         SH:  1    Dex: 13    Spells: 6/6 levels left

rFire   . .          .
                       - Unarmed
rCold   . . .        (no shield)
rNeg    . . .        (body armour unavailable)
rPois   +            (helmet currently unavailable)
rElec   .            (cloak currently unavailable)
rCorr   .            (gloves currently unavailable)
SInv    .            (boots currently unavailable)
Will    +....        (no amulet)
Stlth   +            g - ring of poison resistance
HPRegen 0.30/turn    (no ring)
MPRegen 0.10/turn

%: no passive effects
@: beast-form
A: beast (slay +3), breathe power, AC +6, unfitting armour, cold-blooded
a: Breathe Dispelling Energy, Renounce Religion


You were on level 5 of the Dungeon.
You worshipped Qazlal.
Qazlal was aware of your devotion.
You were a hulking beast.
You visited 2 branches of the dungeon, and saw 6 of its levels.

You collected 79 gold pieces.

Inventory:

Jewellery
 g - a ring of poison resistance (left hand)
Talismans
 b - a beast talisman
Scrolls
 e - 2 scrolls of teleportation
Potions
 a - a potion of brilliance
 c - 2 potions of enlightenment
 h - 2 potions of degeneration {unknown}
 j - a potion of haste {unknown}
 k - a potion of curing {unknown}


   Skills:
 + Level 4.8 Fighting
 + Level 3.9 Dodging
 + Level 4.3 Unarmed Combat
 + Level 4.4 Shapeshifting


You had 6 spell levels left.
You didn't know any spells.
Your spell library contained the following spells:

 Spells                   Type           Power      Damage    Failure   Level
 Apportation              Tloc           0%         N/A       41%         1
 Kiss of Death            Conj/Necr      0%         2d5       41%         1
 Necrotise                Necr           0%         1d4       41%         1
 Summon Small Mammal      Summ           0%         N/A       41%         1
 Ensorcelled Hibernation  Hex/Ice        0%         N/A       54%         2
 Call Canine Familiar     Summ           0%         N/A       78%         3
 Confusing Touch          Hex            0%         N/A       78%         3
 Portal Projectile        Hex/Tloc       0%         N/A       78%         3
 Anguish                  Hex/Necr       0%         N/A       99%         4
 Dispel Undead            Necr           0%         3d6       99%         4
 Leda's Liquefaction      Hex/Erth       0%         N/A       99%         4


Dungeon Overview and Level Annotations

Branches:
Dungeon (5/15)             Temple (1/1) D:4

Altars:
Ashenzari
Cheibriados
Dithmenos
Elyvilon
Gozag
Hepliaklqana
Qazlal
Sif Muna
Trog
Xom
Zin
Lugonu

Shops:
D:5 =


Innate Abilities, Weirdness & Mutations

You are a hulking beast.
Your limbs bulge with bestial killing power. (Slay +3)
You can breathe bolts of dispelling energy.
Your rich purple scales are hard. (AC +6)
You cannot fit into any form of body armour.
You are cold-blooded and may be slowed by cold attacks.


Message History

The ufetubus hits you.
* * * LOW HITPOINT WARNING * * *
The ufetubus hits you.
* * * LOW HITPOINT WARNING * * *
The ufetubus closely misses you. The ufetubus hits you.
* * * LOW HITPOINT WARNING * * *
The ufetubus closely misses you.
The ufetubus hits you but does no damage.
The ufetubus misses you. The ufetubus closely misses you.
The ufetubus misses you. The ufetubus hits you.
* * * LOW HITPOINT WARNING * * *
The ufetubus barely misses you. The ufetubus misses you.
You block the ufetubus's attack. The ufetubus misses you.
The ufetubus closely misses you.
The ufetubus hits you but does no damage.
The ufetubus misses you. The ufetubus closely misses you.
The ufetubus hits you.
* * * LOW HITPOINT WARNING * * *
You block the ufetubus's attack. The ufetubus completely misses you.
The ufetubus barely misses you.
The ufetubus hits you but does no damage.
The ufetubus hits you but does no damage.
The ufetubus closely misses you.
The ufetubus hits you but does no damage.
The ufetubus barely misses you. x2; The ufetubus hits you.
* * * LOW HITPOINT WARNING * * *
The ufetubus hits you but does no damage.
The ufetubus barely misses you. The ufetubus hits you.
* * * LOW HITPOINT WARNING * * *
The ufetubus closely misses you.
An adder comes into view.
The ufetubus hits you.
* * * LOW HITPOINT WARNING * * *
The ufetubus closely misses you.
The adder hisses angrily.
The ufetubus hits you but does no damage.
The ufetubus hits you.
You die...

#.##....# #.#.#
###.#.....+ #.#S#
....#.....# #)#.#
#####...^.# #)#.#
#.....# #)#.#
#.....# #.#.#
#.##### #.#.#
....... #.# #.#5#
....... #.# #.#h#
.......
#####.########.#.#
....o..
...............#.#
..oo...
#####)########.#.#
....... ....#.#
###)##.......
.##.#.. #....#
###.##########
######
#.........<#
############


You could see an adder and an ufetubus.

Vanquished Creatures
  Grinder (D:4)
  Blork the orc (D:5)
  3 jellies
  A gnoll bouda (D:5)
  An orc wizard (D:5)
  Robin (D:2)
  7 gnolls
  6 adders
  A shadow imp (D:5)
  2 ufetubi
  A dart slug (D:2)
  3 orcs
  3 bats
  4 endoplasms
  5 giant cockroaches
  11 goblins
  5 hobgoblins
  5 jackals
  7 kobolds
  3 quokkas
  8 ball pythons
  4 frilled lizards
  6 rats
89 creatures vanquished.

Notes
Turn   | Place    | Note
-------+----------+-------------------------------------------
     0 | D:1      | Essalna the Draconian Shapeshifter began the quest for the
                  | Orb.
     0 | D:1      | Reached XP level 1. HP: 17/17 MP: 1/1
   167 | D:1      | Reached XP level 2. HP: 24/25 MP: 2/2
   863 | D:2      | Reached XP level 3. HP: 25/30 MP: 3/3
  1101 | D:2      | Noticed Robin
  1137 | D:2      | Killed Robin
  1138 | D:2      | Reached XP level 4. HP: 11/38 MP: 4/4
  2003 | D:3      | Found a faded altar of an unknown god.
  2241 | D:3      | HP: 1/38 [gnoll/+0 flail of protection (4)]
  2244 | D:3      | Reached XP level 5. HP: 1/45 MP: 5/5
  2742 | D:3      | Found a bloodstained altar of Trog.
  3146 | D:4      | Found a broken altar of Ashenzari.
  3167 | D:4      | Found a staircase to the Ecumenical Temple.
  3182 | Temple   | Entered the Ecumenical Temple
  3232 | Temple   | Became a worshipper of Qazlal Stormbringer
  3256 | D:4      | Noticed Grinder
  3268 | D:4      | Paralysed by Grinder for 4 turns
  3381 | D:4      | Paralysed by Grinder for 5 turns
  3386 | D:4      | Killed Grinder
  3387 | D:4      | Reached XP level 6. HP: 28/52 MP: 6/6
  3584 | D:4      | Noticed a water moccasin
  3604 | D:5      | Entered Level 5 of the Dungeon
  3749 | D:5      | Noticed Blork the orc
  3762 | D:5      | Killed Blork the orc
  3763 | D:5      | Your scales start taking on a rich purple colour.
  3763 | D:5      | Reached XP level 7. HP: 29/60 MP: 7/7
  3860 | D:5      | Found Xowyisak's Jewellery Emporium.
  3918 | D:5      | Reached * piety under Qazlal
  4090 | D:5      | HP: 3/60 [ufetubus (1)]
  4091 | D:5      | Slain by an ufetubus

Illustrated notes

Levels and vault maps discovered:
D:1:      ldierk_walled_garden, layout_loops_ring
D:2:      layout_loops_corners, uniq_robin
D:3:      layout_basic, trog_three_pillars_becter,
          hellmonk_ecumenical_altar_arch_garden
D:4:      layout_basic, lemuel_crystal_altar, mainiacjoe_overflow_boulevard,
          nicolae_ashenzari_skybound, gammafunk_temple_overflow_statue,
          minmay_temple_entry_overgrown, uniq_grinder, uniq_edmund
D:5:      layout_basic, nicolae_ru_awakened_eye, serial_shops, shop,
          nicolae_ossuary_entry_monument, uniq_blork_the_orc
Temple:   corrupted_temple

Skill      XL: |  1  2  3  4  5  6 |
---------------+-------------------+-----
Dodging        | 2 3 |  3.9
Fighting       | 3 4 |  4.8
Unarmed Combat | 3 4 |  4.3
Shapeshifting  | 4 |  4.4

Action                     |  1- 3 |  4- 6 |  7- 9 || total
---------------------------+-------+-------+-------++-------
  Melee: Unarmed           |   104 |   141 |    47 ||   292
         Tailslap          |     7 |    24 |    10 ||    41
         Punch             |     5 |     4 |     1 ||    10
    Use: Potion            |     1 |       |       ||     1
         Scroll            |       |     5 |       ||     5
   Stab: Sleeping          |     1 |       |       ||     1
 Armour: Skin              |    48 |    34 |    42 ||   124
  Dodge: Dodged            |    58 |    85 |   124 ||   267
  Block: Other             |       |       |     8 ||     8

Table legend: (Time is in decaauts)
 A = Elapsed time spent in this place.
 B = Non-inter-level travel time spent in this place.
 C = Inter-level travel time spent in this place.
 D = Time resting spent in this place.
 E = Time spent auto-exploring this place.
 F = Levels seen in this place.
 G = Mean time per level.
                   A        B        C        D        E       F      G
               +--------+--------+--------+--------+--------+-----+--------+
         Total |   4078 |   3789 |    289 |    284 |   2804 |   6 |  679.7 |
       Dungeon |   3914 |   3654 |    260 |    199 |   2773 |   5 |  782.8 |
        Temple |    163 |    134 |     29 |     85 |     31 |   1 |  163.0 |
               +--------+--------+--------+--------+--------+-----+--------+

Top non-repeatable levels by time:
     D:2: 1318 daAuts
     D:3: 1134 daAuts
     D:1: 665 daAuts
     D:5: 481 daAuts
     D:4: 315 daAuts
  Temple: 163 daAuts
